 Dungeon Crawl Stone Soup version 0.20.0-8-g6b59dc7 (webtiles) character file.

41937 Feta the Cleaver (level 14, 0/110 HPs)
             Began as a Formicid Fighter on May 30, 2017.
             Was a High Priest of Okawaru.
             Slain by an entropy weaver (8 damage)
             ... on level 5 of the Lair of Beasts.
             The game lasted 00:56:32 (17765 turns).

Feta the Cleaver (Formicid Fighter)                Turns: 17765, Time: 00:56:39

Health: 0/110      AC: -3    Str: 31    XL:     14   Next: 52%
Magic:  21/25      EV: 12    Int: 11    God:    Okawaru [*****.]
Gold:   719        SH: 12    Dex:  5    Spells: 26/28 levels left

rFire    + + +     SeeInvis +   a - +5 battleaxe (drain)
rCold    . . .     Gourm    +   c - +0 shield
rNeg     . . .     Faith    .   d - quicksilver dragon scales
rPois    .         Spirit   .   (helmet unavailable)
rElec    .         Reflect  .   f - scarf of the Shoals {rF+ MR+ Str+4}
rCorr    .         Harm     .   j - +0 pair of gloves
MR       +++..                  H - +2 pair of boots {run}
Stlth    +.........             V - amulet of the gourmand
Regen    0.3/turn               q - ring of protection from fire
MPRegen  0.2/turn               Q - ring "Vynlol" {rF+ Str+4 Dex-5 Stlth+}

@: corroded, quick
A: permanent stasis, dig shafts and tunnels, four strong arms, antennae 3
a: Dig, Shaft Self, Heroism, Finesse, Renounce Religion


You were on level 5 of the Lair of Beasts.
You worshipped Okawaru.
Okawaru was extremely pleased with you.
You were completely stuffed.

You visited 3 branches of the dungeon, and saw 18 of its levels.

You collected 1104 gold pieces.
You spent 385 gold pieces at shops.

Inventory:

Hand Weapons
 a - a +5 battleaxe of draining (weapon)
 b - a +2 arbalest of velocity
 y - a +0 great mace of protection
Missiles
 L - 69 bolts
Armour
 c - a +0 shield (worn)
 d - quicksilver dragon scales (worn)
 f - the scarf of the Shoals (worn) {rF+ MR+ Str+4}
   (Okawaru gifted it to you on level 4 of the Lair of Beasts)

   It affects your strength (+4).
   It protects you from fire.
   It affects your resistance to hostile enchantments.
 j - a +0 pair of gloves (worn)
 H - a +2 pair of boots of running (worn)
Jewellery
 q - a ring of protection from fire (left hand)
 Q - the ring "Vynlol" (right hand) {rF+ Str+4 Dex-5 Stlth+}
   (You found it on level 11 of the Dungeon)

   [ring of protection from fire]

   It affects your strength (+4).
   It affects your dexterity (-5).
   It protects you from fire.
   It makes you more stealthy.
 V - an amulet of the gourmand (around neck)
Wands
 e - a wand of polymorph (15/24)
 n - a wand of flame (19/48)
 u - a wand of polymorph (13/24)
 v - a wand of flame (15/48)
 A - a wand of iceblast (10/15)
 B - a wand of flame (13/48)
 E - a wand of flame (22/48)
 I - a wand of iceblast (11/15)
 R - a wand of flame (32/48)
 W - a wand of flame (31/48)
Scrolls
 i - a scroll of identify
 m - 3 scrolls of magic mapping
 o - a scroll of fog {unknown}
 p - a scroll of blinking {unknown}
 r - 6 scrolls of remove curse
 w - a scroll of fear {unknown}
 F - 2 scrolls of amnesia {unknown}
 O - 3 scrolls of enchant armour {unknown}
 X - a scroll of holy word {unknown}
Potions
 s - 2 potions of agility
 z - 10 potions of curing
 J - 2 potions of might
 P - a potion of mutation {unknown}
 S - 2 potions of berserk rage {unknown}
 Y - a potion of cancellation {unknown}
Comestibles
 g - a royal jelly
 h - a chunk of flesh
 t - 27 fruits


   Skills:
 + Level 10.1 Fighting
 + Level 13.8 Axes
 + Level 6.8 Crossbows
 + Level 7.6 Armour
 - Level 5.0 Dodging
 - Level 9.0 Shields
 * Level 7.7 Spellcasting
 * Level 5.9 Conjurations
 * Level 8.2 Earth Magic
 + Level 3.3 Invocations


You had 26 spell levels left.
You knew the following spells:

 Your Spells              Type           Power        Failure   Level  Hunger
a - Magic Dart            Conj           ###.         1%          1    None
b - Sandblast             Erth           ###...       1%          1    None


Dungeon Overview and Level Annotations

Branches:
Dungeon (11/15)            Temple (1/1) D:4            Lair (6/6) D:8
  Swamp (0/4) Lair:3        Snake (0/4) Lair:3        Slime (0/5) Lair:5
    Orc (0/2) D:11

Altars:
Ashenzari
Cheibriados
Dithmenos
Elyvilon
Fedhas
Gozag
Hepliaklqana
Kikubaaqudgha
Makhleb
Nemelex Xobeh
Okawaru
Qazlal
Ru
Sif Muna
Trog
Uskayaw
Vehumet
Xom
Yredelemnul
Zin
The Shining One

Shops:
D:5 (   D:8 :

Annotations:
D:7 2 runed doors


Innate Abilities, Weirdness & Mutations

You cannot be hasted, slowed, berserked, paralysed or teleported.
You can dig through walls and to a lower floor.
Your four strong arms can wield two-handed weapons with a shield.
You have a pair of large antennae on your head. (SInv)


Message History

You block the entropy weaver's attack. The entropy weaver hits you!
* * * LOW HITPOINT WARNING * * *
The entropy weaver hits you.
* * * LOW HITPOINT WARNING * * *
The entropy weaver hits you.
* * * LOW HITPOINT WARNING * * *
You closely miss the entropy weaver.
The entropy weaver is heavily wounded.
You hit the queen ant. You drain the queen ant! You slash the soldier ant!
You block the queen ant's attack.
The entropy weaver gestures wildly while chanting.
The entropic weave corrodes you!
Unknown command.
You feel better.
You feel like a meek peon again. The soldier ant barely misses you.
The queen ant barely misses you. The entropy weaver hits you!
* * * LOW HITPOINT WARNING * * *
The entropy weaver hits you!
You die...

#≈#..≈≈ ## ##≈P≈PP≈ #####.#
#######≈≈≈P≈♣≈ #.#..####
###.##.#≈.≈P≈≈≈≈ ##.PPP#..#
##...###.##.≈≈≈♣♣
#........###.........≈≈P≈≈♣≈
##.........#..........≈PP≈≈≈
#.........a##........P≈P≈≈.≈
###........a@#........####≈.P
#..........#.a.........####P.
#.........##.#........#.# ###
#.....+.#####..........## #P
######..# ####......## ###
##..## ####.....#.# #..
##..#.# #......##.######..
#..÷#####...........#.##..
##P.# #.....)........#P..


You could see a queen ant, an entropy weaver and a soldier ant.

Vanquished Creatures
  Rupert (Lair:3)
  The ghost of braks the Impaler, an adept CeFi of Okawaru (Lair:2)
  An entropy weaver (Lair:6)
  Fannar (Lair:3)
  4 hydras
  A catoblepas (Lair:2)
  Erica (D:9)
  5 two-headed ogres
  2 ugly things
  2 black mambas
  7 elephants
  A gargoyle (D:11)
  5 spiny frogs
  A rime drake (Lair:3)
  5 komodo dragons
  A queen bee (Lair:3)
  A troll (D:11)
  A hornet (Lair:6)
  A polar bear (shapeshifter) (D:7)
  A slime creature (D:7)
  11 blink frogs
  3 hippogriffs
  6 dream sheep (Lair:5)
  2 vampires (D:10)
  7 spriggans
  2 wyverns
  A basilisk (Lair:2)
  12 yaks
  2 hungry ghosts
  5 soldier ants
  16 water moccasins
  18 porcupines
  4 necrophages
  9 orc warriors
  3 phantoms
  4 ice beasts
  4 black bears
  A sky beast (D:6)
  2 eyes of draining
  4 centaurs
  4 ogres
  15 wolves
  3 crocodiles
  5 big kobolds
  14 bullfrogs
  2 troll zombies (D:11)
  4 scorpions
  29 killer bees
  2 electric eels
  3 wights (D:7)
  6 crimson imps
  A bullfrog zombie (D:6)
  11 hounds
  A quasit (D:6)
  A centaur zombie (D:9)
  9 orc priests
  A jelly (D:8)
  A bullfrog skeleton (D:6)
  4 iguanas
  Jessica (D:2)
  Natasha (thrice) (D:3)
  Terence (D:3)
  9 worker ants
  9 orc wizards
  11 hell rats (Lair:1)
  6 ogre zombies (D:11)
  A hound skeleton (D:7)
  2 worker ant zombies
  18 gnolls
  20 adders
  8 river rats (Lair:1)
  3 shadow imps
  An ooze (D:3)
  3 adder skeletons
  3 worms
  A leopard gecko (D:4)
  55 orcs
  6 giant cockroaches
  35 goblins
  26 hobgoblins
  10 jackals
  14 quokkas
  7 ball pythons
  6 bats
  4 frilled lizards
  A goblin skeleton (D:11)
  6 goblin zombies (D:11)
  A hobgoblin skeleton (D:11)
  2 hobgoblin zombies (D:11)
  24 kobolds
  A leopard gecko zombie (D:7)
  3 orc skeletons (D:11)
  12 orc zombies (D:11)
  17 rats
  8 fungi
  6 plants
619 creatures vanquished.

Vanquished Creatures (others)
  15 fungi
  13 plants
28 creatures vanquished.

Grand Total: 647 creatures vanquished

Notes
Turn   | Place    | Note
-------+----------+-------------------------------------------
     0 | D:1      | Feta the Formicid Fighter began the quest for the Orb.
     0 | D:1      | Reached XP level 1. HP: 18/18 MP: 1/1
   164 | D:1      | You fall through a shaft!
   349 | D:1      | Reached XP level 2. HP: 24/24 MP: 2/2
   863 | D:2      | Noticed Jessica
   866 | D:2      | Killed Jessica
   866 | D:2      | Reached skill level 1 in Dodging
   866 | D:2      | Reached XP level 3. HP: 24/29 MP: 3/3
   919 | D:2      | Reached XP level 4. HP: 29/35 MP: 4/4
  1435 | D:3      | Reached skill level 3 in Axes
  1462 | D:3      | Noticed Natasha
  1505 | D:3      | Killed Natasha
  1505 | D:3      | Reached XP level 5. HP: 32/41 MP: 5/5
  1607 | D:3      | Noticed Natasha
  1635 | D:3      | Killed Natasha
  1678 | D:3      | Noticed Terence
  1685 | D:4      | Noticed a phantom
  1711 | D:4      | Found a staircase to the Ecumenical Temple.
  1723 | Temple   | Entered the Ecumenical Temple
  1804 | Temple   | Became a worshipper of Warmaster Okawaru
  1865 | D:4      | Killed a phantom
  1865 | D:4      | Reached skill level 4 in Axes
  1865 | D:4      | Reached skill level 5 in Shields
  1865 | D:4      | Reached XP level 6. HP: 38/48 MP: 6/6
  1903 | D:3      | Killed Terence
  1957 | D:3      | Noticed Natasha
  1965 | D:3      | Killed Natasha
  2452 | D:4      | Reached XP level 7. HP: 47/54 MP: 7/7
  3244 | D:4      | Reached * piety under Okawaru
  3256 | D:4      | Reached skill level 5 in Axes
  3528 | D:5      | Entered Level 5 of the Dungeon
  3571 | D:5      | Reached XP level 8. HP: 53/61 MP: 8/8
  3586 | D:5      | Found Ihoulul's Antique Weapon Shop.
  3859 | D:5      | Reached skill level 5 in Fighting
  4351 | D:5      | Reached skill level 6 in Axes
  5276 | D:6      | Reached ** piety under Okawaru
  5351 | D:6      | Reached skill level 5 in Armour
  5542 | D:6      | Reached XP level 9. HP: 63/68 MP: 9/9
  5588 | D:6      | Reached skill level 7 in Axes
  6022 | D:7      | Found a runed door.
  6054 | D:7      | Reached *** piety under Okawaru
  6338 | D:7      | Reached skill level 8 in Axes
  6341 | D:7      | Noticed a green ugly thing
  6348 | D:7      | Killed a green ugly thing
  6348 | D:7      | Reached skill level 1 in Invocations
  6348 | D:7      | Reached XP level 10. HP: 68/77 MP: 7/10
  6376 | D:7      | Reached **** piety under Okawaru
  6384 | D:7      | Found a runed door.
  6474 | D:7      | Found a runed door.
  6848 | D:7      | Reached skill level 9 in Axes
  7089 | D:7      | Noticed a guardian serpent
  7096 | D:7      | Reached skill level 1 in Crossbows
  7125 | D:7      | a guardian serpent changed into a polar bear
  7449 | D:8      | Reached ***** piety under Okawaru
  7470 | D:8      | Found a staircase to the Lair.
  7474 | D:8      | Reached skill level 10 in Axes
  7505 | D:7      | Received a gift from Okawaru
  7842 | D:8      | Noticed a two-headed ogre
  7846 | D:8      | Killed a two-headed ogre
  7856 | D:8      | Reached XP level 11. HP: 65/84 MP: 9/12
  7893 | D:8      | Found Bolyesatuf's Book Shoppe.
  7901 | D:8      | Learned a level 1 spell: Magic Dart
  7903 | D:8      | Bought a book of Geomancy for 385 gold pieces
  7905 | D:8      | Learned a level 1 spell: Sandblast
  7999 | D:8      | Noticed a two-headed ogre
  8021 | D:8      | Killed a two-headed ogre
  8021 | D:8      | Reached skill level 1 in Spellcasting
  8021 | D:8      | Reached skill level 1 in Conjurations
  8021 | D:8      | Reached skill level 1 in Earth Magic
  8084 | D:8      | Received a gift from Okawaru
  8091 | D:8      | Identified a +2 pair of boots of running (Okawaru gifted it to you on level 8 of the Dungeon)
  8445 | D:8      | Found a deep blue altar of Sif Muna.
  8606 | D:8      | Found a sparkling altar of Nemelex Xobeh.
  8959 | D:9      | Noticed Erica
  8978 | D:9      | Killed Erica
  9620 | D:10     | Entered Level 10 of the Dungeon
  9921 | D:10     | Reached skill level 11 in Axes
 11277 | D:11     | Noticed a cyan ugly thing
 11288 | D:11     | Killed a cyan ugly thing
 11295 | D:11     | Noticed a two-headed ogre
 11303 | D:11     | Killed a two-headed ogre
 11551 | D:11     | Reached XP level 12. HP: 74/92 MP: 17/17
 11626 | D:11     | Found a staircase to the Orcish Mines.
 11669 | D:11     | Got an iridescent rapier
 11906 | D:11     | Noticed a two-headed ogre
 11918 | D:11     | Killed a two-headed ogre
 11918 | D:11     | Reached skill level 5 in Dodging
 11943 | D:11     | Noticed a two-headed ogre
 11958 | D:11     | Killed a two-headed ogre
 12481 | D:11     | Got a bound platinum ring
 12483 | D:11     | Identified the ring "Vynlol" {rF+ Str+4 Dex-5 Stlth+} (You found it on level 11 of the Dungeon)
 12662 | Lair:1   | Entered Level 1 of the Lair of Beasts
 12744 | Lair:1   | Received a gift from Okawaru
 12754 | Lair:1   | Reached skill level 5 in Earth Magic
 13176 | Lair:1   | Reached skill level 12 in Axes
 13269 | Lair:1   | Reached skill level 5 in Spellcasting
 13621 | Lair:2   | Noticed a catoblepas
 13634 | Lair:2   | Killed a catoblepas
 13938 | Lair:2   | Noticed braks's ghost (adept CeFi)
 13948 | Lair:2   | Killed braks's ghost
 13948 | Lair:2   | Reached XP level 13. HP: 97/100 MP: 19/21
 14291 | Lair:3   | Found a staircase to the Snake Pit.
 14376 | Lair:3   | Received a gift from Okawaru
 14471 | Lair:3   | Noticed Rupert
 14489 | Lair:3   | Killed Rupert
 14665 | Lair:3   | Noticed Fannar
 14686 | Lair:3   | Killed Fannar
 14686 | Lair:3   | Reached skill level 13 in Axes
 14686 | Lair:3   | Reached skill level 5 in Crossbows
 14883 | Lair:3   | Reached skill level 5 in Conjurations
 14974 | Lair:3   | Found a staircase to the Swamp.
 15706 | Lair:4   | Noticed a five-headed hydra
 15716 | Lair:4   | Killed a five-headed hydra
 15799 | Lair:4   | Noticed an eight-headed hydra
 15806 | Lair:4   | Killed an eight-headed hydra
 15867 | Lair:4   | Received a gift from Okawaru
 15868 | Lair:4   | Got a steaming scarf {god gift}
 15899 | Lair:4   | Identified the scarf of the Shoals {rF+ MR+ Str+4} (Okawaru gifted it to you on level 4 of the Lair of Beasts)
 16232 | Lair:5   | Reached XP level 14. HP: 109/109 MP: 24/24
 16335 | Lair:5   | Found a staircase to the Slime Pits.
 16706 | Lair:5   | Reached skill level 10 in Fighting
 17714 | Lair:6   | Entered Level 6 of the Lair of Beasts
 17728 | Lair:6   | Noticed an entropy weaver
 17730 | Lair:6   | Noticed an entropy weaver
 17744 | Lair:6   | Killed an entropy weaver
 17765 | Lair:5   | Slain by an entropy weaver

Skill      XL: |  1  2  3  4  5  6  7  8  9 10 11 12 13 14 |
---------------+-------------------------------------------+-----
Dodging        | 1 2 3 4 5 |  5.0
Shields        | 4 5 6 7 8 9 |  9.0
Axes           | 3 4 5 6 8 10 11 12 13 | 13.8
Armour         | 4 5 6 7 |  7.6
Fighting       | 4 5 6 7 8 9 10 | 10.1
Invocations    | 1 2 3 |  3.3
Crossbows      | 2 3 4 5 6 |  6.8
Spellcasting   | 3 5 7 |  7.7
Conjurations   | 2 4 5 |  5.9
Earth Magic    | 4 6 7 8 |  8.2

Action                   |  1- 3 |  4- 6 |  7- 9 | 10-12 | 13-15 || total
-------------------------+-------+-------+-------+-------+-------++-------
Melee: War axe           |    72 |   190 |   353 |       |       ||   615
       Battleaxe         |       |       |    17 |   610 |   350 ||   977
       Great mace        |       |       |       |       |    16 ||    16
 Fire: Shortbow          |       |       |    80 |     2 |       ||    82
       Arbalest          |       |       |       |   131 |    77 ||   208
Throw: Stone             |       |     2 |       |       |       ||     2
       Throwing net      |       |     2 |       |       |       ||     2
 Cast: Sandblast         |       |       |       |     1 |       ||     1
Invok: Heroism           |       |       |     4 |     9 |     6 ||    19
       Finesse           |       |       |       |     1 |     5 ||     6
 Abil: Dig               |       |     3 |     2 |     7 |     4 ||    16
Evoke: Wand              |       |       |     1 |       |       ||     1
  Use: Potion            |       |     2 |     3 |     2 |     2 ||     9
       Scroll            |       |       |     2 |    10 |     6 ||    18
  Eat: Chunk             |       |     6 |    13 |    55 |    12 ||    86
Armor: Scale mail        |    41 |    43 |       |       |       ||    84
       Quicksilver drago |       |    19 |   147 |   169 |   138 ||   473
Dodge: Dodged            |    30 |    53 |   155 |   258 |   155 ||   651
Block: Shield            |    50 |   118 |   220 |   338 |   203 ||   929
